 Dungeon Crawl Stone Soup version 0.19-a0-594-g235f30c (webtiles) character file.

6550 Delvonshi the Charmwright (level 11, -7/58 HPs)
             Began as a Vine Stalker Skald on June 10, 2016.
             Was a Follower of Uskayaw.
             Mangled by a blink frog (16 damage)
             ... on level 10 of the Dungeon.
             The game lasted 00:50:31 (11345 turns).

Delvonshi the Charmwright (Vine Stalker Skald)     Turns: 11345, Time: 00:50:48

Health: -7/58      AC:  5    Str: 15    XL:     11   Next: 1%
Magic:  0/15       EV: 17    Int: 12    God:    Uskayaw [*.....]
Gold:   377        SH:  0    Dex: 21    Spells: 4 memorised, 5 levels left

rFire  . . .     SeeInvis .     E - +0 dagger (venom)
rCold  + . .     Gourm    .     F - +0 leather armour
rNeg   . . .     Faith    .     (no shield)
rPois  +         Spirit   +     (no helmet)
rElec  .         Dismiss  .     e - +0 cloak
rCorr  .         Reflect  .     J - +0 pair of gloves (curse)
SustAt .         Harm     .     (no boots)
MR     +....                    G - amulet of magic regeneration
Stlth  ++........               C - ring "Fynoegh" {rPois Dex+4}
                                y - ring of protection from cold

@: infused (expiring), very slightly contaminated, somewhat resistant to hostile
enchantments, unstealthy
A: fangs 3, regeneration 2, magic shield, antimagic bite, no device heal 3, rot
immunity
a: Stomp, Renounce Religion


You were on level 10 of the Dungeon.
You worshipped Uskayaw.
Uskayaw was aware of your devotion.
You were not hungry.

You visited 3 branches of the dungeon, and saw 12 of its levels.

You collected 377 gold pieces.

Inventory:

Hand Weapons
 E - a +0 dagger of venom (weapon)
 M - a +1 falchion of freezing
Armour
 e - a +0 cloak (worn)
 g - a +0 ring mail
 F - a +0 leather armour (worn)
 J - a cursed +0 pair of gloves (worn)
Jewellery
 y - a ring of protection from cold (left hand)
 C - the ring "Fynoegh" (right hand) {rPois Dex+4}
   (You took it off an orc on level 5 of the Dungeon)

   [ring of poison resistance]

   It affects your dexterity (+4).
   It protects you from poison.
 D - an uncursed ring of sustain attributes
 G - an amulet of magic regeneration (around neck)
Wands
 b - a wand of confusion (5/48)
 u - a wand of polymorph (4/24)
 x - a wand of slowing (2/48)
 H - a wand of slowing (9/48)
Scrolls
 a - 2 scrolls of enchant armour {unknown}
 f - a scroll of teleportation
 h - a scroll of identify
 j - a scroll of blinking {unknown}
 k - 2 scrolls of magic mapping {unknown}
 l - 6 scrolls of remove curse
 s - 2 scrolls of enchant weapon {unknown}
 t - 2 scrolls of amnesia {unknown}
 z - 3 scrolls of noise {unknown}
 A - 2 scrolls of fear {unknown}
 B - 5 scrolls of fog {unknown}
 O - a scroll of recharging {unknown}
Potions
 m - a potion of curing
 n - a potion of invisibility
 o - 2 potions of agility {unknown}
 p - 6 potions of flight
 q - 2 potions of lignification {unknown}
 r - a potion of ambrosia {unknown}
 v - 3 potions of brilliance {unknown}
 K - 3 potions of mutation {unknown}
 L - a potion of berserk rage {unknown}
Books
 c - a book of Battle

   Spells                             Type                      Level
   a - Infusion                       Charms                       1
   b - Shroud of Golubria             Charms/Translocation         2
   c - Song of Slaying                Charms                       2
   d - Spectral Weapon                Hexes/Charms                 3
   e - Regeneration                   Charms/Necromancy            3
Comestibles
 d - 9 bread rations
 i - a beef jerky
 w - 4 meat rations
 I - a chunk of flesh
 N - 2 fruits


   Skills:
 + Level 7.3 Fighting
 + Level 7.2 Short Blades
 - Level 0.7 Armour
 + Level 6.4 Dodging
 - Level 2.4 Stealth
 - Level 2.1 Spellcasting
 - Level 4.2 Hexes
 - Level 7.6 Charms
 - Level 2.0 Necromancy
 - Level 1.4 Translocations
 + Level 3.0 Invocations


You had 5 spell levels left.
You knew the following spells:

 Your Spells              Type           Power        Failure   Level  Hunger
a - Infusion              Chrm           ###.         1%          1    ##.....
b - Shroud of Golubria    Chrm/Tloc      ##........   10%         2    ###....
c - Spectral Weapon       Hex/Chrm       ###.....     12%         3    ####...
d - Regeneration          Chrm/Necr      ##........   17%         3    ####...


Dungeon Overview and Level Annotations

Branches:
Dungeon (10/15)            Temple (1/1) D:6            Lair (1/6) D:10
    Orc (0/2) D:10

Altars:
Ashenzari
Cheibriados
Dithmenos
Elyvilon
Fedhas
Hepliaklqana
Kikubaaqudgha
Makhleb
Nemelex Xobeh
Okawaru
Pakellas
Qazlal
Ru
Sif Muna
Trog
Uskayaw
Vehumet
Xom
Yredelemnul
Zin
The Shining One

Shops:
D:4 %

Annotations:
D:8 ProzacElf's ghost, novice CeWr
D:10 Gastronok; Joseph


Innate Abilities, Weirdness & Mutations

You have razor-sharp teeth.
You heal very quickly.
When hurt, damage is shared between your health and your magic reserves.
Your bite disrupts and absorbs the magic of your enemies.
Potions and wands cannot restore your health.
You are immune to rotting.


Message History

Your magical infusion is running out.
You climb downwards.
Welcome to the Lair of Beasts!
You feel an oppressive heat about you.
There is an entrance to a volcano on this level.
Hurry and find it before the entrance collapses!
The blink frog hits you!
The blink frog blinks!
The blink frog hits you! The blink frog misses you.
There is a staircase back to the Dungeon, spattered with blood here.
The blink frog hits you.
The blink frog blinks! x2; The blink frog hits you!
* * * LOW HITPOINT WARNING * * *
You climb upwards.
Welcome back to the Dungeon!
Level annotation: Gastronok; Joseph
There is a staircase to the Lair here.
Casting: Spectral Weapon
Confirm with . or Enter, or press ? or * to list all spells.
You miscast Shroud of Golubria.
You are very lightly contaminated with residual magic.
You feel uncomfortable. The blink frog hits you!
* * * LOW HITPOINT WARNING * * *
The blink frog hits you!
You die...

♣♣..♣♣ #.######.# #r# ♣..♣
#....(...# #.# ♣..♣
##.######## #.# # ♣..♣
##..####### ## ♣..♣
##.......... .## ♣..♣
##..#..######## ..## ♣..♣
##..............
#..####''####..####.########
##..........#...@.....#
#####..###.#...F.#.#.###
#####..###...#<..#.....######
#(....>##.(..................
#..........#########.#.#####.
#.......##...........#...
#......##################.#
#......# # #......#


You could see a blink frog.

Vanquished Creatures
  3 blink frogs (D:10)
  2 humans (D:8)
  8 yaks (D:9)
  3 hippogriffs
  Menkaure (D:6)
  Edmund (D:6)
  A water moccasin (D:5)
  A necrophage (D:8)
  6 ice beasts
  4 orc warriors
  5 sky beasts
  A black bear (D:10)
  3 ogres
  5 centaurs
  A big kobold (D:10)
  A giant frog (D:10)
  A scorpion (D:7)
  5 crimson imps
  A giant frog zombie (D:8)
  2 hounds
  7 orc priests
  10 orc wizards
  3 centaur skeletons
  A giant frog skeleton (D:9)
  2 jellies
  Ijyb (D:2)
  6 worker ants
  2 iguanas
  A killer bee zombie (D:6)
  6 adders
  5 gnolls
  A howler monkey skeleton (D:5)
  A shadow imp (D:9)
  2 adder zombies
  2 oozes (D:1)
  An adder skeleton (D:5)
  A worm (D:5)
  A dart slug (D:2)
  2 giant geckos
  29 orcs
  A ball python (D:2)
  4 giant cockroaches
  6 goblins
  7 hobgoblins
  18 jackals
  12 kobolds
  6 quokkas
  10 bats
  2 giant gecko skeletons
  A giant newt (D:7)
  A jackal skeleton (D:4)
  2 rats
209 creatures vanquished.

Vanquished Creatures (others)
  A human (D:6)
  5 spectral weapons
6 creatures vanquished.

Grand Total: 215 creatures vanquished

Notes
Turn   | Place    | Note
--------------------------------------------------------------
     0 | D:1      | Delvonshi the Vine Stalker Skald began the quest for the Orb.
     0 | D:1      | Reached XP level 1. HP: 11/11 MP: 4/4
    43 | D:1      | Reached skill level 1 in Dodging
   116 | D:1      | Reached XP level 2. HP: 11/15 MP: 4/6
   238 | D:1      | Reached skill level 1 in Stealth
   341 | D:1      | Reached XP level 3. HP: 17/18 MP: 7/7
   867 | D:2      | Noticed Ijyb
   935 | D:2      | Killed Ijyb
   935 | D:2      | Reached XP level 4. HP: 22/23 MP: 2/8
  1109 | D:2      | Learned a level 2 spell: Shroud of Golubria
  2100 | D:3      | Reached XP level 5. HP: 20/27 MP: 6/9
  2293 | D:4      | Found Meleer's Food Shop.
  2407 | D:4      | Reached skill level 1 in Translocations
  2980 | D:4      | Found a bloodstained altar of Trog.
  2980 | D:4      | Found a sparkling altar of Nemelex Xobeh.
  3189 | D:5      | Entered Level 5 of the Dungeon
  3193 | D:5      | Found a shadowy altar of Dithmenos.
  3544 | D:5      | Gained mutation: You heal very quickly. [Vine Stalker growth]
  3544 | D:5      | Reached XP level 6. HP: 32/32 MP: 6/10
  4010 | D:5      | Learned a level 3 spell: Spectral Weapon
  4163 | D:5      | Noticed a water moccasin
  4211 | D:6      | Noticed Menkaure
  4216 | D:6      | Killed Menkaure
  4216 | D:6      | Reached skill level 1 in Hexes
  4216 | D:6      | Reached XP level 7. HP: 32/36 MP: 7/11
  4300 | D:6      | Found a staircase to the Ecumenical Temple.
  4328 | Temple   | Entered the Ecumenical Temple
  4780 | D:6      | Gained mutation: You have razor-sharp teeth. [Vine Stalker growth]
  4780 | D:6      | Reached XP level 8. HP: 34/42 MP: 0/12
  4992 | D:6      | Reached skill level 5 in Charms
  5104 | D:6      | Noticed Edmund
  5129 | D:6      | Killed Edmund
  5229 | D:6      | Found an ancient bone altar of Kikubaaqudgha.
  5362 | D:6      | Found a snail-covered altar of Cheibriados.
  5736 | D:5      | Found a glowing golden altar of the Shining One.
  6230 | D:5      | Got a crude steel ring
  6303 | D:5      | Reached XP level 9. HP: 46/46 MP: 11/13
  6574 | D:7      | Reached skill level 5 in Fighting
  6632 | D:7      | Reached skill level 5 in Short Blades
  7612 | D:8      | Found an iron altar of Okawaru.
  7646 | D:8      | Reached skill level 5 in Dodging
  7755 | D:8      | Noticed ProzacElf's ghost (novice CeWr)
  8262 | D:8      | Reached XP level 10. HP: 53/53 MP: 9/14
  8935 | D:9      | Found a hazy altar of Hepliaklqana.
  8973 | D:9      | Found a hide-covered altar of Uskayaw.
  8989 | D:9      | Became a worshipper of Uskayaw the Reveler
  8995 | D:9      | Identified the ring "Fynoegh" {rPois Dex+4} (You took it off an orc on level 5 of the Dungeon)
  9046 | D:9      | Reached * piety under Uskayaw
  9140 | D:9      | Reached ** piety under Uskayaw
  9592 | D:9      | Learned a level 3 spell: Regeneration
  9748 | D:10     | Entered Level 10 of the Dungeon
  9870 | D:10     | Found a staircase to the Orcish Mines.
  9897 | D:10     | Noticed Joseph
 10193 | D:10     | Found a staircase to the Lair.
 10430 | D:9      | Reached skill level 1 in Necromancy
 10494 | D:9      | Reached skill level 1 in Invocations
 11058 | D:10     | Noticed Gastronok
 11148 | Lair:1   | Entered Level 1 of the Lair of Beasts
 11302 | D:10     | Reached XP level 11. HP: 47/58 MP: 15/15
 11345 | D:10     | Mangled by a blink frog

Vault maps used:
D:1:      grunt_arrival_lava_bath, corexii_hall_statues_u,
          kennysheep_another_room
D:2:      first_bread, uniq_iyjb
D:4:      gammafunk_temple_overflow_wave, serial_shops, shop,
          hangedman_abyss_or_decor_stagger
D:5:      tso_altar, nicolae_dithmenos_shadow_blocks
D:6:      lemuel_crystal_altar, minmay_temple_entry_hall, tgw_kikubaaqudgha,
          uniq_edmund, uniq_pikel, uniq_menkaure
D:7:      hex_intersection
D:8:      okawaru_humans, lemuel_crystal_altar, grunt_livestock
D:9:      lemuel_doored_altar, eat_drink_and_be_merry_uskayaw
D:10:     kennysheep_big_flooded_room, lair_0_dummy, orc_0_dummy, uniq_joseph,
          uniq_gastronok
Temple:   chambers_temple_14
Lair:1:   minmay_lair_oklob_chamber, nicolae_volcano_entry_batcave

Skill      XL: |  1  2  3  4  5  6  7  8  9 10 |
---------------+-------------------------------+-----
Dodging        | 1 2 3 4 5 6 |  6.4
Fighting       | 2 3 4 6 7 |  7.3
Stealth        | 1 2 |  2.4
Short Blades   | 2 3 4 6 7 |  7.2
Translocations | 1 |  1.4
Charms         | 4 5 6 7 |  7.6
Hexes          | 1 2 3 4 |  4.2
Necromancy     | 2 |  2.0
Invocations    | 3 |  3.0
Armour         | |  0.7
Spellcasting   | |  2.1

Action                   |  1- 3 |  4- 6 |  7- 9 | 10-12 || total
-------------------------+-------+-------+-------+-------++-------
Melee: Short sword       |   111 |   254 |       |       ||   365
       Bite              |    21 |    74 |   120 |   105 ||   320
       Dagger            |       |     2 |   342 |   236 ||   580
 Cast: Infusion          |     6 |    23 |    28 |    18 ||    75
       Shroud of Golubri |       |     9 |    31 |    31 ||    71
       Spectral Weapon   |       |       |     6 |    17 ||    23
Evoke: Wand              |       |     3 |     1 |       ||     4
  Use: Scroll            |       |     2 |     5 |     1 ||     8
 Stab: Sleeping          |     1 |     1 |     5 |     2 ||     9
       Distracted        |       |       |     2 |     4 ||     6
  Eat: Chunk             |       |    12 |    14 |    16 ||    42
       Pizza             |       |       |     1 |       ||     1
       Beef jerky        |       |       |     1 |       ||     1
Armor: Leather armour    |     8 |     2 |    44 |    31 ||    85
       Ring mail         |    40 |    75 |       |       ||   115
Dodge: Dodged            |    58 |   141 |   167 |   138 ||   504
